 Dungeon Crawl Stone Soup version 0.26-a0-649-gf8c6c3aab7 (webtiles) character file.

Game seed: 4400009512226010584

628 DogServant the Caller (level 7, -3/56 HPs)
             Began as a Formicid Summoner on Sept 26, 2020.
             Slain by a centaur (4 damage)
             ... on level 5 of the Dungeon.
             The game lasted 00:12:55 (6282 turns).

DogServant the Caller (Formicid Summoner)           Turns: 6282, Time: 00:12:55

Health: -3/56      AC:  7    Str: 15    XL:     7   Next: 77%
Magic:  6/10       EV: 12    Int: 14    God:
Gold:   284        SH:  0    Dex: 11    Spells: 4/10 levels left

rFire    . . .     SeeInvis +   t - +0 trident
rCold    . . .     Faith    .   (no shield)
rNeg     . . .     Spirit   .   g - +2 leather armour {MR+}
rPois    .         Reflect  .   (helmet unavailable)
rElec    .         Harm     .   (no cloak)
rCorr    .         Rampage  .   m - +1 pair of gloves
MR       +....                  (no boots)
Stlth    ++........             (no amulet)
HPRegen  0.18/turn              (no ring)
MPRegen  0.12/turn              (no ring)

@: no status effects
A: permanent stasis, dig shafts and tunnels, four strong arms, antennae 3
a: Dig, Shaft Self


You were on level 5 of the Dungeon.
You visited 1 branch of the dungeon, and saw 5 of its levels.

You collected 284 gold pieces.

Inventory:

Hand Weapons
 e - a +1 dagger of venom
 n - a +0 hunting sling
 t - a +0 trident (weapon)
Missiles
 p - 67 sling bullets
 q - 71 stones (quivered)
Armour
 a - a +0 robe
 g - a +2 leather armour of magic resistance (worn)
 m - a +1 pair of gloves (worn)
 o - a +0 ring mail
Jewellery
 w - an uncursed amulet of guardian spirit {unknown}
Wands
 u - a wand of iceblast (10)
Scrolls
 s - a scroll of amnesia {unknown}
 v - 2 scrolls of identify
Potions
 b - a potion of experience
 c - a potion of might
 d - a potion of lignification
 f - 2 potions of heal wounds
 h - a potion of brilliance {unknown}
 i - a potion of stabbing {unknown}
 j - a potion of flight {unknown}
 k - 2 potions of cancellation {unknown}
 l - 2 potions of invisibility {unknown}


   Skills:
 + Level 5.1 Fighting
 + Level 1.6 Polearms
 - Level 1.9 Slings
 + Level 4.0 Armour
 - Level 1.7 Dodging
 - Level 2.4 Stealth
 - Level 2.1 Spellcasting
 + Level 5.5 Summonings


You had 4 spell levels left.
You knew the following spells:

 Your Spells              Type           Power        Failure   Level
a - Summon Small Mammal   Summ           ###.         3%          1
b - Call Imp              Summ           ###.....     4%          2
c - Call Canine Familiar  Summ           ###.....     9%          3

Your spell library contained the following spells:

 Spells                   Type           Power        Failure   Level
 Summon Guardian Golem    Hex/Summ       #.......     28%         3
 Summon Ice Beast         Ice/Summ       #.......     67%         4
 Summon Lightning Spire   Summ/Air       #.......     67%         4


Dungeon Overview and Level Annotations

Branches:
Dungeon (5/15)             Temple (0/1) D:5

Altars:
Ashenzari
Okawaru

Annotations:
D:3 Grinder


Innate Abilities, Weirdness & Mutations

You cannot be hasted, slowed, berserked, paralysed or teleported.
You can dig through walls and to a lower floor.
Your four strong arms can wield two-handed weapons with a shield.
You have a pair of large antennae on your head. (SInv)


Message History

Aim: a centaur, wielding a +0 shortbow and quivering 8 arrows You reach to attack!
Your leather armour prevents you from hitting the centaur.
The centaur shoots an arrow.
The arrow hits you.
* * * LOW HITPOINT WARNING * * *
You are too injured to fight recklessly!
You are too injured to fight recklessly!
You are too injured to fight recklessly!
You are too injured to fight recklessly!
You are too injured to fight recklessly!
The centaur unwields a +0 shortbow.
The centaur hits you.
* * * LOW HITPOINT WARNING * * *
The centaur closely misses you.
You see here 2 arrows.
You hit the centaur.
The centaur is moderately wounded.
The centaur hits you.
* * * LOW HITPOINT WARNING * * *
The centaur hits you.
You die...

,,,,,,* *,.....# ##......######
,,,,,,* ***#...# #..######.(..#
,,,,,,* #...###.## #....# ,,,,,.****
##.......# ##....#
**,,,....####.....###### #.....#
***,.[...c.(..(.......####.....#
*,.....).##(#((.....>.........
**...c..!...###....#)####..###
****,.....$....c@(..#.#.####..# *
,,,,,..........ยงยงยง.>....<.....#**
,****...........#................
,****.....?.....##...##....######
,,,,,...........##...>......#****
,,,,,,,..........##...........,,,
,,,,,*,,,......#,*##...###....#*,
,,,,**,,,....#.*,*......*#......,
,,,,,,,,,,,,,*,,,,$....,,...#..#*


You could see a centaur.

Vanquished Creatures
  An ice beast (D:5)
  An ogre (D:4)
  A scorpion (D:4)
  2 hounds (D:4)
  3 orc priests
  An orc wizard (D:4)
  A bullfrog skeleton (D:5)
  A centaur skeleton (D:4)
  2 worker ants
  6 adders
  A shadow imp (D:5)
  An ooze (D:3)
  An adder skeleton (D:4)
  A worm (D:2)
  3 dart slugs
  3 leopard geckos
  14 orcs
  2 ball pythons
  10 giant cockroaches
  5 goblins
  10 hobgoblins
  A quokka (D:2)
  7 bats
  3 frilled lizards
  A jackal skeleton (D:4)
  7 kobolds
  A leopard gecko skeleton (D:4)
  5 rats
95 creatures vanquished.

Vanquished Creatures (collateral kills)
  An adder (D:3)
  An ooze (D:1)
  3 orcs
  2 goblins (D:1)
  A bat (D:3)
  A frilled lizard (D:1)
  2 kobolds (D:1)
11 creatures vanquished.

Grand Total: 106 creatures vanquished

Notes
Turn   | Place    | Note
-------+----------+-------------------------------------------
     0 | D:1      | DogServant the Formicid Summoner began the quest for the
                  | Orb.
     0 | D:1      | Reached XP level 1. HP: 13/13 MP: 3/3
   346 | D:1      | Reached skill level 1 in Fighting
   346 | D:1      | Reached XP level 2. HP: 21/21 MP: 5/5
   729 | D:1      | Reached XP level 3. HP: 27/27 MP: 2/6
  1591 | D:2      | Learned a level 2 spell: Call Imp
  1595 | D:2      | Learned a level 3 spell: Call Canine Familiar
  1615 | D:2      | Reached XP level 4. HP: 34/34 MP: 7/7
  2819 | D:3      | Reached skill level 1 in Armour
  2828 | D:3      | Reached XP level 5. HP: 33/41 MP: 4/8
  3918 | D:3      | Noticed Grinder
  4159 | D:4      | Reached XP level 6. HP: 42/48 MP: 9/9
  4339 | D:4      | Reached skill level 1 in Slings
  4464 | D:4      | Noticed an ogre
  4481 | D:4      | Killed an ogre
  4481 | D:4      | Reached skill level 5 in Summonings
  4706 | D:4      | Reached XP level 7. HP: 32/55 MP: 8/10
  5143 | D:4      | Found a broken altar of Ashenzari.
  5395 | D:4      | Reached skill level 1 in Polearms
  5939 | D:4      | Found an iron altar of Okawaru.
  6151 | D:5      | Entered Level 5 of the Dungeon
  6204 | D:5      | Reached skill level 5 in Fighting
  6240 | D:5      | Found a staircase to the Ecumenical Temple.
  6282 | D:5      | HP: 1/56 [centaur (5)]
  6282 | D:5      | Slain by a centaur

Illustrated notes

Levels and vault maps discovered:
D:1:      giann_wishing_wells, layout_loops_ring, minmay_hexomino_f4
D:2:      layout_loops_corners
D:3:      minmay_thinvault, layout_rooms, grunt_ministairs_7, corner_web_ring,
          uniq_grinder
D:4:      layout_loops_corners, marbit_many_paths, enter_ossuary_2,
          ashenzari_altar_1
D:5:      layout_rooms, fiery_altar_vehumet, tso_metal_star, temple_statues,
          cheibrodos_sewer_entry_bend

Skill      XL: |  1  2  3  4  5  6  7 |
---------------+----------------------+-----
Fighting       | 1 2 3 4 5 |  5.1
Armour         | 1 2 3 4 |  4.0
Slings         | 1 |  1.9
Summonings     | 5 |  5.5
Polearms       | 1 |  1.6
Dodging        | |  1.7
Stealth        | |  2.4
Spellcasting   | |  2.1

Action                   |  1- 3 |  4- 6 |  7- 9 || total
-------------------------+-------+-------+-------++-------
Melee: Unarmed           |    15 |       |       ||    15
       Whip              |    30 |       |       ||    30
       Dagger            |    44 |   137 |       ||   181
       Trident           |       |       |    94 ||    94
 Fire: Hunting sling     |       |    61 |     7 ||    68
 Cast: Summon Small Mamm |    12 |    11 |       ||    23
       Call Canine Famil |       |     2 |     4 ||     6
  Use: Scroll            |       |     9 |     1 ||    10
 Stab: Sleeping          |     5 |     4 |     3 ||    12
Armor: Robe              |    23 |       |       ||    23
       Leather armour    |     2 |    61 |    28 ||    91
Dodge: Dodged            |    49 |   108 |    55 ||   212

Table legend: (Time is in decaauts)
 A = Elapsed time spent in this place.
 B = Non-inter-level travel time spent in this place.
 C = Inter-level travel time spent in this place.
 D = Time resting spent in this place.
 E = Time spent auto-exploring this place.
 F = Levels seen in this place.
 G = Mean time per level.
                   A        B        C        D        E       F      G
               +--------+--------+--------+--------+--------+-----+--------+
         Total |   6317 |   6004 |    313 |   1650 |   3335 |   5 | 1263.4 |
       Dungeon |   6317 |   6004 |    313 |   1650 |   3335 |   5 | 1263.4 |
               +--------+--------+--------+--------+--------+-----+--------+

Top non-repeatable levels by time:
     D:4: 2247 daAuts
     D:3: 1507 daAuts
     D:1: 1254 daAuts
     D:2: 1168 daAuts
     D:5: 138 daAuts
